 Dungeon Crawl Stone Soup version 0.29-a0-234-g0dae59b3db (webtiles) character file.

Game seed: 4675234749392155324

15689 gilleain the Nimble (level 12, -5/87 HPs)
             Began as a Human Conjurer on Mar 3, 2022.
             Was a Priest of Sif Muna.
             Slain by a cane toad (11 damage)
             ... on level 2 of the Lair of Beasts.
             The game lasted 03:00:52 (11210 turns).

gilleain the Nimble (Human Conjurer)               Turns: 11210, Time: 03:00:53

Health: -5/87      AC:  9    Str:  9    XL:     12   Next: 60%
Magic:  18/23      EV: 19    Int: 26    God:    Sif Muna [***...]
Gold:   363        SH:  0    Dex: 11    Spells: 1/26 levels left

rFire   . . .      SeeInvis .   j - +4 spear (venom)
rCold   . . .      Faith    .   (no shield)
rNeg    . . .      Spirit   .   O - +0 steam dragon scales
rPois   .          Reflect  .   S - +0 hat {Int+3}
rElec   .          Harm     .   n - +1 cloak
rCorr   .          Rampage  .   b - +1 pair of gloves
Will    .....                   (no boots)
Stlth   +++.......              G - amulet of regeneration
HPRegen 1.04/turn               i - +4 ring of evasion
MPRegen 0.18/turn               a - ring of wizardry

@: lethally poisoned (-5 -> -7)
A: no striking features
a: Renounce Religion, Channel Magic, Forget Spell


You were on level 2 of the Lair of Beasts.
You worshipped Sif Muna.
Sif Muna was most pleased with you.
You visited 3 branches of the dungeon, and saw 14 of its levels.
You also visited: Sewer.

You collected 675 gold pieces.
You spent 312 gold pieces at shops.

Inventory:

Hand Weapons
 c - a +2 dagger of speed
 g - the +6 short sword of Makhleb's Inspiration {drain, Dex+2}
   (You found it on level 2 of the Dungeon)

   A truly terrible weapon, it drains the life of any living foe it strikes.
   Dex:       It affects your dexterity (+2).
 h - the +10 quarterstaff of the Moon {vorpal, rElec rPois rCorr}
   (You acquired it on level 3 of the Dungeon)

   It inflicts extra damage upon your enemies.
   rElec:     It insulates you from electricity.
   rPois:     It protects you from poison.
   rCorr:     It protects you from acid and corrosion.
 j - a +4 spear of venom (weapon)
 l - a +2 vampiric dagger
 B - a +0 hunting sling
 I - a +1 vampiric whip
 K - a +0 short sword of electrocution
 N - a +2 long sword of flaming
 R - a +2 halberd
 W - a +1 antimagic spear
 Y - a +0 quarterstaff of freezing
Missiles
 e - 2 throwing nets
 J - 19 poisoned darts
 M - 3 boomerangs (quivered)
Armour
 b - a +1 pair of gloves (worn)
 n - a +1 cloak (worn)
 u - a +0 buckler of cold resistance
 H - the +2 robe of Sin {rF+}
   (You found it on level 8 of the Dungeon)

   rF:        It protects you from fire.
 O - +0 steam dragon scales (worn)
 S - a +0 hat of intelligence (worn)
 V - a +2 ring mail of cold resistance
 Z - a +1 robe of cold resistance
Magical Staves
 y - a staff of poison
 E - a staff of air
Jewellery
 a - a ring of wizardry (right hand)
 i - a +4 ring of evasion (left hand)
 r - an amulet of reflection
 v - a ring of ice
 A - a +4 ring of evasion
 G - an amulet of regeneration (around neck)
 U - an amulet of faith
Wands
 f - a wand of flame (24)
 t - a wand of acid (12)
 C - a wand of digging (5)
 L - a wand of iceblast (15)
 Q - a wand of paralysis (8)
Scrolls
 k - a scroll of holy word
 m - a scroll of immolation
 p - 2 scrolls of torment
 s - 2 scrolls of teleportation
 x - a scroll of summoning
 D - 3 scrolls of identify
 F - a scroll of fear
 P - a scroll of magic mapping
 T - 3 scrolls of fog
Potions
 d - a potion of might
 o - 3 potions of curing
 w - a potion of resistance
 z - a potion of haste
 X - 2 potions of cancellation


   Skills:
 + Level 5.8 Fighting
 + Level 7.4(7.5) Short Blades
 + Level 1.0(4.7) Long Blades
 + Level 0.1(3.3) Maces & Flails
 + Level 4.6(5.8) Polearms
 + Level 5.4(6.3) Staves
 + Level 0.4 Throwing
 + Level 8.5 Dodging
 + Level 6.5 Stealth
 + Level 1.7 Shields
 + Level 7.7 Spellcasting
 + Level 8.1 Conjurations
 + Level 2.4 Hexes
 + Level 1.0 Transmutations
 + Level 3.1 Fire Magic
 + Level 1.3 Poison Magic
 + Level 0.2 Invocations


You had one spell level left.
You knew the following spells:

 Your Spells              Type           Power      Damage    Failure   Level
a - Magic Dart            Conj           100%       1d8       1%          1
b - Searing Ray           Conj           100%       2d8       1%          2
c - Dazzling Flash        Conj/Hex       74%        N/A       1%          3
d - Tukima's Dance        Hex            22%        N/A       2%          3
e - Fulminant Prism       Conj/Hex       18%        3d11      2%          4
f - Wereblood             Tmut           15%        N/A       2%          2
g - Conjure Flame         Conj/Fire      39%        6-21      1%          3
h - Sticky Flame          Conj/Fire      39%        2d6       2%          4
i - Ignite Poison         Fire/Tmut/Pois 19%        N/A       3%          3

Your spell library contained the following spells:

 Spells                   Type           Power      Damage    Failure   Level
 Sublimation of Blood     Necr           10%        N/A       3%          2
 Iskenderun's Mystic Bla  Conj/Tloc      31%        2d8       4%          4
 Cause Fear               Hex            11%        N/A       9%          4
 Anguish                  Hex/Necr       8%         N/A       14%         4
 Enfeeble                 Hex            11%        N/A       99%         7
 Dragon Form              Tmut           7%         N/A       100%        7
 Summon Hydra             Summ           5%         N/A       100%        7
 Chain Lightning          Conj/Air       15%        3d20      100%        9
 Dragon's Call            Summ           5%         N/A       100%        9
 Fire Storm               Conj/Fire      19%        8d5       100%        9
 Shatter                  Erth           5%         3d8*      100%        9


Dungeon Overview and Level Annotations

Branches:
Dungeon (11/15)            Temple (1/1) D:5            Lair (2/6) D:11
  Sewer (visited)
  Swamp: Lair:2-4    Shoals: Lair:2-4     Snake: Lair:2-4    Spider: Lair:2-4
    Orc: D:9-12

Altars:
Ashenzari
Cheibriados
Dithmenos
Elyvilon
Fedhas
Gozag
Hepliaklqana
Kikubaaqudgha
Makhleb
Nemelex Xobeh
Okawaru
Qazlal
Ru
Sif Muna
Trog
Uskayaw
Vehumet
Wu Jian
Xom
Yredelemnul
Zin
The Shining One

Shops:
D:6 :

Annotations:
Lair:1 Nergalle


Message History

The cane toad stings you but does no damage.
You hit the cane toad.
The cane toad is poisoned.
The cane toad is moderately wounded.
The cane toad completely misses you. The cane toad stings you!
You barely miss the cane toad.
The cane toad is moderately wounded.
You barely miss the cane toad.
The cane toad is moderately wounded.
The cane toad stings you.
You hit the cane toad.
The cane toad is heavily wounded.
The cane toad stings you.
You are poisoned.
The cane toad poisons you!
You hit the cane toad but do no damage.
The cane toad looks as sick as possible!
The cane toad is heavily wounded.
You feel very sick. The cane toad stings you!!
* * * LOW HITPOINT WARNING * * *
Casting: Magic Dart (safe; 1% risk of failure)
Confirm with . or Enter, or press ? or * to list all spells.
Aiming: Searing Ray (safe; 1% risk of failure)
Press: ? - help, Shift-Dir - straight line, f/p - cane toad
Aim: a cane toad (heavily wounded, extremely poisoned, 85% to hit)
The searing ray hits the cane toad.
The cane toad is severely wounded. (Press . to maintain the ray.)
You feel very sick. The cane toad stings you!
* * * LOW HITPOINT WARNING * * *
The cane toad stings you.
* * * LOW HITPOINT WARNING * * *
Casting: Searing Ray (safe; 1% risk of failure)
Confirm with . or Enter, or press ? or * to list all spells.
Casting: Dazzling Flash (safe; 1% risk of failure)
Press: ? - help, Dir - look around, f - activate You feel very sick.
The cane toad stings you!
You die...

####### #P....# #....##
#....### #...[..#
#.....## ##.@.### ##
####.F.#.### ####.###
.####..#...#...###.).##.#
....F.................†##
.............<..........#
..........(...........###
.................†...##
..#####......###.....# .
#....### ###..P#


You could see a cane toad (extremely poisoned).

Vanquished Creatures
  Gastronok (D:8)
  Fannar (D:10)
  2 two-headed ogres
  3 death yaks (Lair:1)
  Pikel (D:8)
  Maurice (D:8)
  Maggie (D:8)
  2 cane toads (Lair:1)
  A komodo dragon (Lair:1)
  A troll (D:9)
  Prince Ribbit (D:6)
  Sigmund (D:6)
  2 wyverns (Lair:1)
  A basilisk (Lair:1)
  Grum (D:9)
  24 yaks
  2 water moccasins
  Pargi (Sewer)
  3 orc warriors
  An ice beast (D:7)
  5 black bears
  4 ogres
  10 wolves
  2 centaurs
  3 kobold brigands
  A necrophage (D:5)
  5 bullfrogs
  4 scorpions
  4 wights (D:8)
  8 killer bees
  3 howler monkeys
  A crimson imp (D:7)
  A hound (D:6)
  A jelly (D:2)
  3 orc priests
  4 iguanas
  8 orc wizards
  Robin (D:4)
  4 gnolls (D:3)
  3 adders
  A white imp (D:5)
  4 ufetubi
  A worm (D:2)
  21 orcs
  14 endoplasms
  6 giant cockroaches
  11 goblins
  8 hobgoblins
  2 jackals
  3 quokkas
  10 ball pythons
  6 bats
  5 frilled lizards
  34 kobolds
  10 rats
262 creatures vanquished.

Vanquished Creatures (collateral kills)
  A kobold (D:8)
  A rat (D:2)
2 creatures vanquished.

Vanquished Creatures (others)
  3 fulminant prisms
  18 fungi
  22 plants
  5 toadstools (D:2)
48 creatures vanquished.

Grand Total: 312 creatures vanquished

Notes
Turn   | Place    | Note
-------+----------+-------------------------------------------
     0 | D:1      | gilleain the Human Conjurer began the quest for the Orb.
     0 | D:1      | Reached XP level 1. HP: 13/13 MP: 3/3
   136 | D:1      | Reached XP level 2. HP: 18/19 MP: 3/5
   537 | D:1      | Learned a level 2 spell: Searing Ray
   830 | D:2      | Reached XP level 3. HP: 24/24 MP: 2/6
   893 | D:2      | HP: 1/24 [acid (2)]
   911 | D:2      | Reached XP level 4. HP: 3/30 MP: 0/7
   918 | D:2      | Reached skill level 5 in Conjurations
  1195 | D:2      | Identified the +6 short sword of Makhleb's Inspiration
                  | {drain, Dex+2}
  1259 | D:2      | Learned a level 3 spell: Dazzling Flash
  1316 | D:2      | Found an ancient bone altar of Kikubaaqudgha.
  1559 | D:3      | Reached XP level 5. HP: 36/36 MP: 8/8
  1572 | D:3      | Reached skill level 1 in Short Blades
  2052 | D:3      | Identified a scroll of acquirement
  2053 | D:3      | Acquired the +10 quarterstaff of the Moon {vorpal, rElec
                  | rPois rCorr}
  2220 | D:4      | Noticed an ogre
  2223 | D:4      | Reached skill level 1 in Fighting
  2223 | D:4      | Reached XP level 6. HP: 43/43 MP: 1/9
  2238 | D:3      | Learned a level 3 spell: Tukima's Dance
  2293 | D:4      | Noticed a black bear
  2302 | D:4      | Killed a black bear
  2551 | D:4      | Reached XP level 7. HP: 48/48 MP: 6/11
  2594 | D:4      | Noticed Robin
  2604 | D:4      | Killed Robin
  2826 | D:5      | Entered Level 5 of the Dungeon
  2872 | D:5      | Found a staircase to the Ecumenical Temple.
  2875 | D:5      | Reached skill level 1 in Staves
  3092 | D:5      | Found a glowing drain.
  3099 | Sewer    | Entered a sewer
  3199 | Sewer    | Noticed Pargi
  3206 | Sewer    | Killed Pargi
  3357 | D:5      | Reached XP level 8. HP: 31/56 MP: 7/12
  3589 | D:5      | Learned a level 4 spell: Fulminant Prism
  3620 | Temple   | Entered the Ecumenical Temple
  3680 | Temple   | Became a worshipper of Sif Muna the Loreminder
  3957 | D:6      | Reached skill level 1 in Shields
  4109 | D:6      | Noticed Sigmund
  4132 | D:6      | Killed Sigmund
  4160 | D:6      | Reached XP level 9. HP: 47/62 MP: 10/14
  4163 | D:6      | Learned a level 2 spell: Wereblood
  4259 | D:6      | Reached skill level 1 in Hexes
  4330 | D:6      | Found Efyogrilu's Book Shop.
  4590 | D:6      | Noticed Prince Ribbit
  4604 | D:6      | Killed Prince Ribbit
  4753 | D:6      | Bought an Everburning Encyclopedia for 312 gold pieces
  5138 | D:7      | Reached * piety under Sif Muna
  5398 | D:7      | Reached skill level 5 in Dodging
  5602 | D:7      | Found a burning altar of Makhleb.
  5617 | D:7      | Reached skill level 5 in Stealth
  5932 | D:8      | Reached XP level 10. HP: 45/70 MP: 3/17
  5952 | D:8      | Identified the +2 robe of Sin {rF+}
  5967 | D:8      | Learned a level 3 spell: Conjure Flame
  6051 | D:8      | Reached skill level 5 in Short Blades
  6057 | D:8      | Reached skill level 1 in Polearms
  6057 | D:8      | Reached skill level 5 in Spellcasting
  6114 | D:8      | Noticed Gastronok
  6349 | D:8      | Noticed Maurice
  6369 | D:8      | Killed Maurice
  6412 | D:8      | Noticed Maggie
  6423 | D:8      | Killed Maggie
  6873 | D:8      | Noticed Pikel
  6884 | D:8      | Killed Pikel
  7061 | D:8      | Killed Gastronok
  7061 | D:8      | Reached ** piety under Sif Muna
  7062 | D:8      | Reached skill level 1 in Fire Magic
  7062 | D:8      | Reached XP level 11. HP: 72/77 MP: 1/20
  7067 | D:8      | Learned a level 4 spell: Sticky Flame
  7865 | D:9      | Noticed Grum
  7877 | D:9      | Killed Grum
  8488 | D:10     | Entered Level 10 of the Dungeon
  8613 | D:10     | Noticed Fannar
  8856 | D:10     | Noticed a two-headed ogre
  9092 | D:10     | Killed a two-headed ogre
  9093 | D:10     | Reached skill level 1 in Long Blades
  9469 | D:10     | Killed Fannar
  9608 | D:10     | Reached skill level 5 in Fighting
  9767 | D:11     | Noticed a two-headed ogre
  9779 | D:11     | Killed a two-headed ogre
  9852 | D:11     | Found a staircase to the Lair.
  9870 | D:11     | Reached XP level 12. HP: 70/86 MP: 22/22
  9874 | D:11     | Learned a level 3 spell: Ignite Poison
  9877 | Lair:1   | Entered Level 1 of the Lair of Beasts
 10158 | Lair:1   | Noticed a death yak
 10160 | Lair:1   | Noticed Nergalle
 10160 | Lair:1   | Noticed a death yak
 10161 | Lair:1   | Noticed a death yak
 10161 | Lair:1   | Noticed a death yak
 10170 | Lair:1   | Noticed a death yak
 10183 | Lair:1   | Noticed a seven-headed hydra
 10379 | Lair:1   | Reached *** piety under Sif Muna
 10386 | Lair:1   | Reached skill level 5 in Staves
 10596 | Lair:1   | Noticed a death yak
 10951 | Lair:1   | Killed a death yak
 10952 | Lair:1   | Reached skill level 1 in Poison Magic
 10980 | Lair:1   | Killed a death yak
 11000 | Lair:1   | Killed a death yak
 11142 | Lair:2   | Reached skill level 1 in Transmutations
 11210 | Lair:2   | Slain by a cane toad

Illustrated notes

Levels and vault maps discovered:
D:1:      dpeg_arrival_rooms_c, layout_loops_ring
D:2:      cheibrodos_fertilizer, layout_basic, basic_altar
D:3:      layout_basic
D:4:      layout_gridville, uniq_robin
D:5:      layout_basic, minmay_temple_entry_hall, portal_sewer_entry_e,
          corner_web_ring, minmay_misc_feat_tiny
D:6:      layout_gridville, serial_shops, nicolae_shop_trees,
          nicolae_benzene_ring, uniq_sigmund, uniq_prince_ribbit1
D:7:      layout_basic, makhleb_grotto_becter
D:8:      layout_loops_corners, serial_rivers, chequers_serial_rivers_micro_a,
          chequers_serial_rivers_large_b, chequers_serial_rivers_micro_a,
          chequers_serial_rivers_micro_c, chequers_serial_rivers_small_3,
          chequers_serial_rivers_room_b, uniq_maggie, uniq_gastronok,
          uniq_pikel, uniq_maurice
D:9:      layout_basic, uniq_grum
D:10:     layout_loops_ring, uniq_fannar
D:11:     layout_basic, grunt_lair_entry_orc_guard_hut,
          minmay_orc_entry_temple_large, st_stairs_1, serial_park_tiny_2
Temple:   nicolae_temple_the_god_donut
Lair:1:   layout_gridlike, lemuel_fruit_tree, uniq_nergalle
Lair:2:   layout_hall_layers, spider_nest_entry_a, serial_bayou_shore_a,
          uniq_harold

Skill      XL: |  1  2  3  4  5  6  7  8  9 10 11 12 |
---------------+-------------------------------------+-----
Conjurations   | 5 6 7 8 |  8.1
Short Blades   | 2 3 4 6 7 |  7.4
Fighting       | 1 2 3 4 5 |  5.8
Stealth        | 3 4 5 6 |  6.5
Dodging        | 3 4 5 6 7 8 |  8.5
Staves         | 2 3 4 5 |  5.4
Spellcasting   | 3 4 6 7 |  7.7
Shields        | 1 |  1.7
Hexes          | 1 2 |  2.4
Polearms       | 3 4 |  4.6
Fire Magic     | 1 2 3 |  3.1
Long Blades    | 1 |  1.0
Poison Magic   | 1 |  1.3
Transmutations | 1 |  1.0
Maces & Flails | |  0.1
Throwing       | |  0.4
Invocations    | |  0.2

Action                   |  1- 3 |  4- 6 |  7- 9 | 10-12 || total
-------------------------+-------+-------+-------+-------++-------
Melee: Short sword       |    53 |    48 |    95 |   189 ||   385
       Club              |     4 |       |       |       ||     4
       Punch             |       |     1 |     1 |     5 ||     7
       Spear             |       |     5 |    49 |   204 ||   258
       Quarterstaff      |       |    25 |    56 |    45 ||   126
       Long sword        |       |       |       |    38 ||    38
       Dagger            |       |       |       |    19 ||    19
Throw: Boomerang         |       |       |       |     2 ||     2
       Throwing net      |       |       |       |     1 ||     1
 Cast: Magic Dart        |    27 |    38 |    26 |    41 ||   132
       Searing Ray       |     3 |     8 |    32 |    60 ||   103
       Dazzling Flash    |       |     3 |    11 |    13 ||    27
       Tukima's Dance    |       |       |     3 |     3 ||     6
       Conjure Flame     |       |       |       |    47 ||    47
       Fulminant Prism   |       |       |       |     3 ||     3
       Sticky Flame      |       |       |       |     8 ||     8
       Wereblood         |       |       |       |     1 ||     1
       Ignite Poison     |       |       |       |    10 ||    10
Invok: Channel Magic     |       |       |       |     1 ||     1
Evoke: Wand              |       |       |       |     1 ||     1
  Use: Scroll            |     2 |     6 |    11 |    10 ||    29
       Potion            |     3 |       |     6 |     4 ||    13
 Stab: Sleeping          |     1 |     4 |    13 |     3 ||    21
       Invisible         |       |       |       |     6 ||     6
Armor: Robe              |    21 |    16 |    30 |     3 ||    70
       Steam dragon scal |       |       |       |    58 ||    58
Dodge: Dodged            |    35 |    53 |   167 |   484 ||   739
Block: Other             |       |       |    25 |       ||    25

Table legend: (Time is in decaauts)
 A = Elapsed time spent in this place.
 B = Non-inter-level travel time spent in this place.
 C = Inter-level travel time spent in this place.
 D = Time resting spent in this place.
 E = Time spent auto-exploring this place.
 F = Levels seen in this place.
 G = Mean time per level.
                   A        B        C        D        E       F      G
               +--------+--------+--------+--------+--------+-----+--------+
         Total |  11196 |   3837 |   7359 |      0 |      0 |  15 |  746.4 |
       Dungeon |   9628 |   3049 |   6579 |      0 |      0 |  11 |  875.3 |
        Temple |     81 |      2 |     79 |      0 |      0 |   1 |   81.0 |
          Lair |   1294 |    593 |    701 |      0 |      0 |   2 |  647.0 |
         Sewer |    192 |    192 |      0 |      0 |      0 |   1 |  192.0 |
               +--------+--------+--------+--------+--------+-----+--------+

Top non-repeatable levels by time:
     D:8: 1427 daAuts
     D:9: 1259 daAuts
    D:10: 1167 daAuts
  Lair:1: 1106 daAuts
     D:6: 1059 daAuts
     D:7: 879 daAuts
     D:4: 824 daAuts
     D:2: 794 daAuts
     D:3: 759 daAuts
     D:1: 687 daAuts
     D:5: 650 daAuts
   Sewer: 192 daAuts
  Lair:2: 188 daAuts
    D:11: 118 daAuts
  Temple: 81 daAuts
